 Dungeon Crawl Stone Soup version 0.25-a0-294-gea9b1ad378 (webtiles) character file.

Game seed: 17950806953833048038, levelgen mode: classic

690 Borgoz the Covered (level 7, -5/42 HPs)
             Began as a Gargoyle Berserker on Dec 19, 2019.
             Was a Believer of Trog.
             Engulfed by a steam dragon's steam (12 damage)
             ... on level 7 of the Dungeon.
             The game lasted 00:03:31 (2720 turns).

Borgoz the Covered (Gargoyle Berserker)             Turns: 2720, Time: 00:03:31

Health: -5/42      AC: 11    Str: 21    XL:     7   Next: 63%
Magic:  7/7        EV: 13    Int:  7    God:    Trog [**....]
Gold:   235        SH:  0    Dex: 14    Spells: 6/6 levels left

rFire    . . .     SeeInvis .   p - +2 whip (venom)
rCold    . . .     Gourm    .   (no shield)
rNeg     + . .     Faith    .   n - +0 ring mail
rPois    ∞         Spirit   .   (no helmet)
rElec    +         Reflect  .   (no cloak)
rCorr    .         Harm     .   (no gloves)
MR       .....                  (no boots)
Stlth    +.........             (no amulet)
HPRegen  0.14/turn              s - +3 ring of dexterity
MPRegen  0.10/turn              (no ring)

@: no status effects
A: negative energy resistance 1, electricity resistance, unbreathing,
petrification resistance, rot immunity, AC +4
a: Berserk, Trog's Hand, Renounce Religion


You were on level 7 of the Dungeon.
You worshipped Trog.
Trog was pleased with you.
You were not hungry.

You visited 1 branch of the dungeon, and saw 5 of its levels.

You collected 235 gold pieces.

Inventory:

Hand Weapons
 a - a +0 mace
 p - a +2 whip of venom (weapon)
Armour
 n - a +0 ring mail (worn)
Jewellery
 s - a +3 ring of dexterity (left hand)
Scrolls
 b - a scroll of random uselessness {unknown}
 e - 3 scrolls of remove curse
 f - 2 scrolls of identify {unknown}
 h - a scroll of amnesia {unknown}
 i - a scroll of blinking {unknown}
 j - a scroll of magic mapping {unknown}
 k - a scroll of fog {unknown}
 l - a scroll of enchant armour {unknown}
 o - a scroll of teleportation {unknown}
 q - a scroll of enchant weapon {unknown}
Potions
 d - a potion of curing {unknown}
 m - 3 potions of haste {unknown}
 r - a potion of cancellation
Comestibles
 c - 13 rations
 g - 10 chunks of flesh


   Skills:
 - Level 3.6 Fighting
 + Level 5.4 Maces & Flails
 + Level 5.4 Armour
 + Level 4.0 Dodging


You had 6 spell levels left.
You didn't know any spells.
Your spell library was empty.

Dungeon Overview and Level Annotations

Branches:
Dungeon (4/15)
 Temple: D:4-7

Altars:

Shops:
D:7 %


Innate Abilities, Weirdness & Mutations

You are resistant to torment.
Your stone body is resilient. (AC +4)
You are immune to poison.
You resist negative energy. (rN+)
You are resistant to electric shocks. (rElec)
You can survive without breathing.
You are immune to petrification.
You are immune to rotting.


Message History

You barely miss the steam dragon.
The steam dragon is moderately wounded.
The steam dragon breathes steam at you. The ball of steam hits you!!
You hear a loud, deep croak!
You are too injured to fight recklessly!
You are too injured to fight recklessly!
You are too injured to fight recklessly!
You hit the steam dragon.
The steam dragon looks as sick as possible!
The steam dragon is heavily wounded.
You are engulfed in a cloud of scalding steam.
* * * LOW HITPOINT WARNING * * *
The steam dragon barely misses you.
The steam dragon claws you but does no damage.
You are engulfed in a cloud of scalding steam.
* * * LOW HITPOINT WARNING * * *
It was a potion of cancellation.
You feel magically purged.
You are engulfed in a cloud of scalding steam.
You die...

####.......#####....#
####................#
...........####.....#
##...=.....# #....
##.........# #...
.#.........### #..
.............# #.#
........##.#.###D#
........##....##@#
........###....#§#
........#......§.#
.#####..#.####..## .
##|....# ##.# .
##†.....####..##
.##........##....###
.#..........#......#
...................#


You could see a steam dragon.

Vanquished Creatures
  A water moccasin (D:7)
  An ogre (D:7)
  A centaur (D:7)
  3 bullfrogs (D:7)
  A scorpion (D:7)
  A crimson imp (D:7)
  A hound (D:7)
  2 adders
  An adder zombie (D:7)
  2 dart slugs
  3 leopard geckos
  9 orcs
  3 ball pythons
  4 giant cockroaches (D:2)
  8 goblins
  5 hobgoblins
  6 jackals
  2 quokkas (D:2)
  6 bats
  3 frilled lizards
  12 kobolds
  A quokka skeleton (D:7)
  6 rats
82 creatures vanquished.

Notes
Turn   | Place    | Note
-------+----------+-------------------------------------------
     0 | D:1      | Borgoz the Gargoyle Berserker began the quest for the Orb.
     0 | D:1      | Reached XP level 1. HP: 14/14 MP: 1/1
    96 | D:1      | Reached XP level 2. HP: 2/19 MP: 2/2
   784 | D:1      | Reached XP level 3. HP: 19/23 MP: 3/3
  1189 | D:2      | Reached ** piety under Trog
  1350 | D:2      | Reached XP level 4. HP: 29/29 MP: 4/4
  2055 | D:4      | You fall into a shaft and drop 3 floors!
  2107 | D:7      | Found Rak Ihus's Food Shop.
  2125 | D:7      | Reached XP level 5. HP: 27/33 MP: 5/5
  2182 | D:7      | Noticed a centaur
  2194 | D:7      | Killed a centaur
  2470 | D:7      | Noticed a water moccasin
  2481 | D:7      | Killed a water moccasin
  2481 | D:7      | Reached XP level 6. HP: 38/38 MP: 6/6
  2493 | D:7      | Reached XP level 7. HP: 42/42 MP: 7/7
  2497 | D:7      | Reached skill level 5 in Maces & Flails
  2505 | D:7      | Reached skill level 5 in Armour
  2711 | D:7      | Noticed a steam dragon
  2720 | D:7      | Engulfed by a steam dragon's steam

Levels and vault maps discovered:
D:1:      lemuel_arrival_room, layout_basic, nrook_campfire, minmay_tetromino_o2
D:2:      layout_rooms, minivault_25
D:3:      layout_rooms, first_ration
D:4:      layout_loops_cross, overflow_temple_1_default,
          minmay_temple_entry_statues_fountains
D:7:      layout_rooms, kennysheep_vampire_church, serial_shops,
          nicolae_shop_trees

Skill      XL: |  1  2  3  4  5  6  7 |
---------------+----------------------+-----
Dodging        | 2 3 4 |  4.0
Armour         | 3 4 5 |  5.4
Maces & Flails | 4 5 |  5.4
Fighting       | |  3.6

Action                   |  1- 3 |  4- 6 |  7- 9 || total
-------------------------+-------+-------+-------++-------
Melee: Mace              |   136 |    85 |       ||   221
       Whip              |       |    44 |    46 ||    90
Invok: Trog's Hand       |     1 |     1 |       ||     2
       Berserk           |       |     1 |       ||     1
  Use: Scroll            |       |     1 |       ||     1
       Potion            |       |       |     1 ||     1
  Eat: Chunk             |     2 |     4 |     2 ||     8
Armor: Animal skin       |    65 |    25 |       ||    90
       Ring mail         |       |    23 |    12 ||    35
Dodge: Dodged            |   124 |    94 |    21 ||   239

Table legend:
 A = Non-vault XP
 B = Vault XP
 C = Vault XP percentage of total XP
 D = Non-vault monster count
 E = Vault monster count
 F = Vault count percentage of total count
                 A         B        C        D         E       F
            +---------+---------+-------+---------+---------+-------
      Total |     982 |       4 |   0.4 |      80 |       2 |   2.4
            +---------+---------+-------+---------+---------+-------
        D:1 |      34 |       4 |  10.5 |      18 |       2 |  10.0
        D:2 |      53 |       0 |   0.0 |      24 |       0 |   0.0
        D:3 |      51 |       0 |   0.0 |      24 |       0 |   0.0
        D:7 |     844 |       0 |   0.0 |      14 |       0 |   0.0
            +---------+---------+-------+---------+---------+-------
